AoeStats
← KSK1912

Arena

509631477Analyzed
2v2 RM · 5d ago on Sep 27, 2026· 44m 15s· 4 players
Game mode
Random Map
Map size
Medium (4 player)
Population
200
Speed
Normal
Resources
Standard
Victory
Conquest
Starting age
Dark Age
Ending age
Imperial Age
RankedLock teamsTeams togetherTeam positionsShared explorationLock speedFull tech treeHidden civsTurbo modeCheats
Victory
Defeat
🇪🇸 Goths · Spain
951
+16
🇹🇷 Koreans · Türkiye
905
+18
🇨🇱 Bulgarians · Chile
988
-19
🇨🇱 Romans · Chile
901
-15
TheDafey
6:43 Loom
11:32 Feudal Age
12:34 Double-Bit Axe
18:51 Castle Age
18:40 Forging
18:30 Scale Mail Armor
21:42 Fletching
21:52 Padded Archer Armor
39:02 Imperial Age
KSK1912
11:53 Feudal Age
11:28 Loom
18:34 Castle Age
16:41 Stone Mining
17:39 Double-Bit Axe
17:58 Horse Collar
18:34 Gold Mining
19:18 Scale Barding Armor
21:23 Loom
25:58 Bow Saw
27:01 Wheelbarrow
27:38 Gold Shaft Mining
29:38 Husbandry
30:27 Hand Cart
37:55 Imperial Age
35:16 Town Watch
36:21 Stone Shaft Mining
36:06 Eupseong
37:00 Ballistics
39:13 Cavalier
40:27 Chain Barding Armor
39:58 Fletching
carlos.avd
0:49 Loom
12:06 Feudal Age
17:01 Castle Age
16:04 Double-Bit Axe
39:09 Imperial Age
38:01 Forging
38:02 Light Cavalry
39:12 Husbandry
41:56 Hussar
Rareware
0:27 Loom
10:58 Feudal Age
13:06 Double-Bit Axe
17:11 Castle Age
15:31 Man-at-Arms
17:00 Stone Mining
17:52 Scale Mail Armor
18:58 Bloodlines
19:09 Long Swordsman
24:26 Gold Mining
25:15 Pikeman
27:15 Wheelbarrow
26:38 Horse Collar
27:44 Chain Mail Armor
27:40 Forging
29:08 Gold Shaft Mining
36:12 Imperial Age
35:24 Scale Barding Armor
35:54 Iron Casting
35:57 Bow Saw
35:58 Squires
38:14 Blast Furnace
39:00 Cavalier
40:47 Hand Cart
42:09 Fortified Wall
Connection lost

Rejoining the realm…

Still unreachable

The connection could not be restored.

Session expired

The server has moved on; the page needs a fresh start.